Map: Odyssey LE

Players

Prosper

  • Race: Terran Terran
  • League: Master
  • Spawn Location: 5:00

EnlistedReb - Winner!

  • Race: Zerg Zerg
  • League: Master
  • Spawn Location: 11:00

VOD

Have the link to the VOD?

Description

Time

  • Played on: Sept. 2, 2017, 7 p.m.
  • Length: 12:46
Show
View Real Time Build Order
Export as new Build Order

Prosper Terran 

Build Orders: Reaper Expand, MMM Bio 

Get SALT Encoding   

  12  0:00  SCV  
  13  0:13  SCV  
  14  0:17  Supply Depot  
  14  0:25  SCV  
  15  0:39  SCV  
  16  0:44  Refinery, Barracks  
  16  0:54  SCV  
  17  1:07  SCV  
  18  1:21  SCV  
  19  1:32  Reaper  
  20  1:33  Orbital Command  
  20  1:43  Command Center  
  20  1:59  SCV  
  21  2:07  Barracks Reactor  
  21  2:12  Supply Depot  
  21  2:13  SCV  
  22  2:23  Factory  
  22  2:27  SCV  
  22  2:29  Refinery  
  23  2:43  SCV  
  24  2:46  Marine x2  
  26  2:55  SCV  
  26  2:56  Orbital Command  
  27  3:04  Marine x2  
  29  3:07  SCV  
  29  3:08  Starport  
  31  3:20  SCV  
  31  3:26  SCV  
  32  3:29  Barracks Tech Lab  
  32  3:31  Widow Mine x2  
  32  3:32  SCV  
  36  3:38  SCV  
  37  3:42  Command Center  
  37  3:45  SCV  
  37  3:46  Medivac  
  39  3:50  Marine  
  39  3:51  Stimpack  
  39  3:52  SCV  
  41  3:59  SCV  
  41  4:00  Widow Mine  
  41  4:01  Widow Mine  
  46  4:07  Supply Depot  
  46  4:21  Supply Depot  
  46  4:28  Marine, SCV x2  
  49  4:40  SCV x2  
  49  4:41  Engineering Bay  
  49  4:44  Factory Reactor, Barracks  
  51  4:49  Barracks  
  51  4:50  Viking  
  51  4:51  Marine  
  51  4:52  SCV x2  
  56  4:55  Orbital Command  
  56  4:57  Engineering Bay  
  56  5:00  Refinery  
  56  5:04  SCV  
  55  5:14  SCV  
  55  5:15  Terran Infantry Weapons Level 1, Marine  
  55  5:16  SCV  
  58  5:26  SCV  
  59  5:29  SCV, Terran Infantry Armor Level 1  
  59  5:34  Marine  
  56  5:37  Marine x2  
  56  5:38  SCV  
  56  5:39  Starport Reactor  
  56  5:40  SCV  
  56  5:41  SCV  
  60  5:44  Marine x2  
  60  5:50  SCV  
  60  5:51  Marine  
  60  5:52  Factory Reactor, SCV  
  60  5:53  SCV  
  60  5:55  Marine x2  
  60  5:56  Combat Shields  
  66  5:57  Refinery  
  66  6:02  Marine, SCV, Factory  
  66  6:03  Marine  
  69  6:09  Marine  
  69  6:10  SCV  
  71  6:12  Orbital Command  
  71  6:13  Marine x2  
  71  6:17  Supply Depot  
  73  6:19  Medivac x2, Supply Depot  
  73  6:25  Armory  
  77  6:38  Supply Depot  
  77  6:39  Marine, SCV, Hellion x2, Supply Depot  
  83  6:42  Marine x3  
  83  6:44  Orbital Command  
  83  6:46  Barracks  
  86  6:48  Factory Tech Lab, Barracks  
  86  6:51  SCV  
  86  6:52  Marine  
  86  6:53  Medivac x2  
  92  6:58  SCV  
  93  7:02  Marine  
  93  7:03  Marine, SCV  
  96  7:09  Hellion  
  96  7:15  Hellion x2  
  102  7:16  SCV  
  102  7:19  Terran Infantry Weapons Level 2  
  102  7:21  SCV  
  102  7:22  SCV  
  105  7:25  Terran Infantry Armor Level 2  
  105  7:32  SCV  
  105  7:35  Refinery  
  106  7:39  Hellion  
  108  7:45  Supply Depot  
  108  7:46  Supply Depot  
  108  7:47  Supply Depot  
  108  7:54  Marine  
  108  7:55  Barracks Reactor x2  
  109  8:05  Infernal Pre-Igniter  
  109  8:06  Marine x4  
  109  8:07  Hellion, SCV  
  109  8:08  Hellion x2  
  109  8:10  Command Center  
  109  8:11  Supply Depot  
  109  8:12  Marine  
  120  8:13  Medivac x2, Supply Depot  
  120  8:15  SCV  
  120  8:16  Terran Vehicle And Ship Armor Level 1  
  120  8:17  Unknown  
  124  8:24  Marine x4  
  124  8:26  SCV  
  124  8:27  SCV  
  130  8:30  Hellion, Marine, Supply Depot  
  130  8:33  Hellion x2, SCV  
  138  8:42  Marine x3  
  138  8:43  Marine x2  
  138  8:44  Marine  
  138  8:45  Barracks  
  138  8:46  Barracks  
  138  8:47  SCV, Barracks  
  145  8:51  Hellion  
  145  8:53  Medivac x2  
  145  8:54  Hellion x2, SCV  
  156  9:00  Marine  
  157  9:09  Command Center  
  157  9:10  Refinery  
  157  9:17  Supply Depot  
  157  9:18  Supply Depot  
  157  9:21  Marine x2  
  157  9:22  SCV  
  160  9:27  Marine  
  160  9:28  Marine x3  
  163  9:31  SCV  
  163  9:32  Marine  
  163  9:35  Barracks Tech Lab  
  163  9:37  Marine x2, Barracks Reactor  
  167  9:40  Barracks Tech Lab, SCV  
  168  9:51  Marine x4  
  170  9:56  Marauder  
  150  10:10  Marine  
  150  10:11  Marine x7  
  150  10:12  Siege Tank, Marauder  
  150  10:13  Marine x3  
  156  10:14  Medivac  
  156  10:17  Marauder  
  123  10:29  Marine  
  123  10:30  Marine  
  123  10:32  Marauder  
  123  10:33  Marine x2  
  111  10:38  Marine x3, Marauder  
  113  10:46  Marine  
  108  10:53  Marine x2  
  108  10:54  Marine  
  108  10:55  Marine x3  
  108  10:56  Marine x2  
  115  10:59  Marine  
  95  11:04  Marine  
  86  11:11  Marine x2  
  86  11:12  Marine x3  
  86  11:14  Marine x2  
  86  11:17  Marine  
  87  11:22  Marine  
  81  11:29  Marine x2  
  81  11:30  Marine x3  
  81  11:31  SCV  
  81  11:32  Siege Tank, Marine x2  
  87  11:35  Marine  
  87  11:39  Marine  
  84  11:42  SCV  
  86  11:47  Marine x2  
  86  11:48  Marine x2  
  86  11:49  Marine x2  
  86  11:53  Marauder  
  94  11:54  Factory Tech Lab  
  94  11:56  Marine  
  94  11:57  Marine  
  94  12:00  Barracks x2  
  96  12:02  Barracks  
  96  12:05  Marine x2  
  98  12:14  Medivac x2  
  98  12:15  Marine, Marauder  
  105  12:19  Marine x2  
  105  12:20  Marine x3  
  113  12:33  SCV  
  113  12:34  SCV x2  
  122  12:39  Starport  
Show
View Real Time Build Order
Export as new Build Order

EnlistedReb Zerg - Winner!

Build Orders: Hatch First 

Get SALT Encoding   

  12  0:02  Drone  
  13  0:12  Overlord  
  13  0:18  Drone  
  14  0:31  Drone x2  
  14  0:35  Drone  
  17  0:53  Hatchery  
  17  0:55  Drone  
  17  0:59  Drone  
  17  1:02  Extractor  
  17  1:15  Spawning Pool  
  16  1:19  Drone  
  16  1:21  Drone  
  18  1:28  Drone  
  19  1:38  Overlord  
  19  1:49  Drone  
  20  2:00  Drone  
  21  2:02  Queen, Metabolic Boost  
  21  2:05  Zergling x2  
  24  2:10  Queen  
  24  2:14  Zergling x2  
  27  2:17  Drone  
  27  2:21  Drone  
  29  2:28  Drone  
  30  2:35  Drone  
  31  2:44  Hatchery  
  31  2:49  Drone x2  
  32  2:51  Drone  
  32  2:55  Pneumatized Carapace  
  33  3:00  Overlord  
  33  3:04  Drone  
  34  3:05  Drone  
  34  3:09  Drone  
  36  3:15  Overlord  
  36  3:19  Queen  
  38  3:21  Drone  
  38  3:23  Drone  
  38  3:26  Drone  
  41  3:28  Drone  
  41  3:30  Drone  
  41  3:31  Drone  
  44  3:34  Drone  
  44  3:35  Drone  
  46  3:44  Drone  
  48  3:48  Drone x2  
  48  3:49  Extractor, Drone  
  48  3:55  Drone x3  
  52  3:59  Queen  
  52  4:00  Drone x2  
  56  4:06  Overlord  
  56  4:08  Drone x2  
  58  4:14  Evolution Chamber x2  
  58  4:16  Drone  
  57  4:18  Baneling Nest  
  57  4:20  Drone  
  57  4:21  Drone  
  58  4:24  Overlord  
  58  4:27  Drone x2  
  58  4:30  Drone x3  
  63  4:34  Spore Crawler  
  63  4:35  Spore Crawler  
  63  4:38  Spore Crawler  
  60  4:40  Zerg Melee Weapons Level 1  
  60  4:41  Zerg Ground Armor Level 1  
  60  4:43  Zergling x2  
  60  4:44  Zergling x2  
  63  4:45  Zergling x2  
  63  4:46  Zergling x2  
  63  4:48  Zergling x2  
  63  4:49  Zergling x2  
  66  4:53  Zergling x4  
  66  4:56  Zergling x2  
  65  5:17  Drone x3  
  65  5:18  Drone x2  
  70  5:23  Drone x2  
  70  5:24  Drone  
  70  5:25  Drone  
  73  5:48  Overlord x3  
  73  5:51  Extractor  
  73  5:52  Overlord, Extractor  
  73  5:54  Lair, Drone  
  73  5:55  Drone  
  73  5:59  Overlord x3  
  73  6:01  Hatchery  
  73  6:03  Overlord x3  
  72  6:06  Queen  
  72  6:07  Hatchery, Drone x3  
  72  6:11  Drone  
  77  6:14  Drone  
  77  6:15  Drone  
  79  6:19  Drone  
  79  6:21  Drone x3  
  79  6:24  Drone x2  
  79  6:25  Drone  
  86  6:26  Drone x2  
  86  6:27  Overlord  
  86  6:29  Overlord x2  
  86  6:30  Drone  
  89  6:38  Overlord  
  89  6:40  Drone  
  89  6:44  Extractor, Drone  
  90  6:47  Drone  
  90  6:49  Drone x2  
  90  6:50  Drone  
  90  6:53  Zergling x12  
  100  7:02  Zergling x6  
  102  7:13  Overlord x2  
  102  7:14  Queen  
  104  7:16  Zergling x4  
  104  7:17  Centrifical Hooks, Zerg Ground Armor Level 2  
  104  7:18  Zerg Melee Weapons Level 2  
  107  7:22  Zergling x2  
  107  7:23  Zergling x18  
  107  7:24  Hydralisk Den, Zergling x2  
  107  7:25  Infestation Pit  
  107  7:26  Baneling x5  
  115  7:31  Zergling x8  
  115  7:33  Overseer  
  119  7:40  Zergling x8  
  123  7:44  Extractor  
  123  7:45  Zergling x4  
  124  7:53  Zergling x6  
  124  7:54  Zergling x4  
  124  7:56  Drone  
  124  7:57  Drone x6  
  136  8:02  Muscular Augments, Extractor, Hydralisk x3  
  136  8:03  Hydralisk x2  
  145  8:08  Hydralisk  
  145  8:09  Hydralisk x4  
  155  8:15  Hive, Hydralisk x2  
  157  8:22  Hydralisk x4  
  165  8:29  Zergling x8  
  165  8:30  Zergling x10  
  165  8:31  Zergling x2  
  175  8:37  Zergling x2  
  175  8:38  Zergling x10  
  181  8:48  Drone x4, Spire  
  182  8:49  Drone x2  
  182  8:51  Zergling x2  
  182  8:52  Zergling x4  
  189  8:59  Zergling x10  
  189  9:01  Hatchery  
  193  9:05  Pathogen Glands  
  193  9:06  Zergling x8  
  193  9:09  Burrow  
  197  9:29  Baneling  
  197  9:30  Baneling x3  
  197  9:31  Baneling x6  
  196  9:33  Baneling x12  
  196  9:34  Baneling x5  
  196  9:35  Overlord x3, Baneling x4  
  196  9:50  Overlord x3  
  196  9:51  Overlord  
  196  9:52  Overlord  
  196  9:55  Baneling x4  
  180  10:00  Ultralisk Cavern  
  180  10:05  Zergling x26  
  180  10:06  Zergling x4  
  171  10:10  Zergling x6  
  173  10:16  Zergling x2  
  173  10:17  Zergling x20  
  171  10:26  Hydralisk Den  
  171  10:28  Extractor x2, Drone x8  
  159  10:40  Zergling x2  
  159  10:41  Zergling x12  
  161  10:48  Zergling x2  
  161  10:49  Zergling x2  
  162  10:53  Zergling x8  
  158  11:00  Chitinous Plating  
  154  11:04  Ultralisk x3  
  151  11:15  Zergling x2  
  151  11:16  Zergling x16  
  152  11:23  Hatchery  
  141  11:26  Zergling x8  
  135  11:36  Ultralisk x2  
  135  11:37  Queen, Ultralisk  
  154  11:43  Zergling x2  
  154  11:44  Zergling x22  
  154  11:46  Zergling x4  
  168  11:54  Baneling  
  168  11:55  Baneling x10  
  168  11:56  Baneling  
  168  11:57  Baneling  
  168  12:04  Hydralisk x3  
  168  12:05  Hydralisk  
  176  12:18  Zergling x2  
  176  12:19  Zergling x34  
  176  12:22  Hatchery  
  193  12:28  Overseer x3  
  193  12:29  Overseer x2  
Tags
 
Add a new tag
Caveats
  • Supply blocks, unpowered buildings, or Contaminate may cause inaccurate times.
  • Supply counts are checked every 10 seconds.